 Dungeon Crawl Stone Soup version 0.18-a0-1643-gb89d9db (webtiles) character file.

43 Gorice the Slasher (level 3, -2/29 HPs)
             Began as a Demonspawn Berserker on Mar 28, 2016.
             Was a Follower of Trog.
             Slain by an adder (3 damage)
             ... on level 2 of the Dungeon.
             The game lasted 00:05:08 (768 turns).

Gorice the Slasher (Demonspawn Berserker)            Turns: 768, Time: 00:05:08

Health: -2/29      AC: 10    Str: 17    XL:     3   Next: 37%
Magic:  3/3        EV:  9    Int:  8    God:    Trog [*.....]
Gold:   61         SH:  0    Dex: 13    Spells: 0 memorised, 2 levels left

rFire  + . .     SeeInvis .     a - +1 falchion
rCold  . . .     Gourm    .     m - +0 chain mail
rNeg   . . .     Faith    .     (no shield)
rPois  .         Spirit   .     l - +0 helmet
rElec  .         Dismiss  .     d - +0 cloak (curse)
rCorr  .         Reflect  .     (no gloves)
SustAt .         Harm     .     (no boots)
MR     .....                    (no amulet)
Stlth  ..........               (no ring)
                                Y - ring of stealth

@: exhausted, very slightly contaminated, hasted and slowed, not resistant to
hostile enchantments, extremely unstealthy
A: repulsion field 1, fire resistance 1
a: Berserk, Burn Spellbooks, Renounce Religion


You were on level 2 of the Dungeon.
You worshipped Trog.
Trog was aware of your devotion.
You were not hungry.

You visited 1 branch of the dungeon, and saw 3 of its levels.

You collected 61 gold pieces.

Inventory:

Hand Weapons
 a - a +1 falchion (weapon)
Missiles
 e - 16 poisoned needles
 Z - 43 stones (quivered)
Armour
 d - a cursed +0 cloak (worn)
 l - a +0 helmet (worn)
 m - a +0 chain mail (worn)
Jewellery
 Y - a ring of stealth (left hand)
Wands
 j - a wand of flame (37/48)
Potions
 b - a potion of mutation {unknown}
 h - a potion of degeneration {unknown}
 i - a potion of haste {!q}
 k - a potion of curing {unknown}
Comestibles
 c - 4 bread rations {!e}
 f - a meat ration {!e}
 g - a beef jerky
 n - a chunk of flesh


   Skills:
 + Level 3.5 Fighting
 * Level 3.6 Long Blades
 - Level 1.7 Armour
 - Level 1.7 Dodging


You had 2 spell levels left.
You didn't know any spells.

Dungeon Overview and Level Annotations

Branches:
Dungeon (3/15)

Altars:
Ru
Xom
The Shining One


Innate Abilities, Weirdness & Mutations

You are surrounded by a mild repulsion field (EV +2).
Your flesh is heat resistant.


Message History

Damage: 1 (max 1)
You start resting.
A jackal comes into view.
Throwing (i - inventory):
Z - 45 stones (quivered)
Press: ? - help, Shift-Dir - straight line, f - jackal
Aim: a jackal (hasn't noticed you)
You throw a stone. The stone barely misses the jackal.
The jackal barks!
You feel sick.
A jackal comes into view.
Damage: 1 (max 1) Throwing (i - inventory):
Z - 44 stones (quivered)
Press: ? - help, Shift-Dir - straight line, f - jackal
Aim: a jackal (hasn't noticed you)
You throw a stone. The jackal barks!
The stone hits the jackal.
The jackal is moderately wounded.
The jackal bites you but does no damage.
You feel sick.
You are no longer poisoned.
The jackal bites you but does no damage. x4
Damage: 1 (max 1)
The jackal barely misses you.
The jackal bites you but does no damage.
The jackal barely misses you. The jackal barely misses you.
The jackal bites you.
* * * LOW HITPOINT WARNING * * *
Damage: 1 (max 1)
The jackal barely misses you.
You hit the jackal.
You kill the jackal!
Trog accepts your kill. The adder bites you but does no damage.
Unknown command.
Your chain mail prevents you from hitting the adder.
The adder bites you.
* * * LOW HITPOINT WARNING * * *
The adder completely misses you.
Damage: 3 (max 3) Unknown command.
Unknown command.
Drink which item? (? for menu, Esc to quit)
Really quaff
i - 2 potions of haste {!q}?
You feel yourself speed up. The adder completely misses you.
The adder barely misses you.
You are very lightly contaminated with residual magic.
Unknown command.
You closely miss the adder. The adder barely misses you. The adder bites you.
You die...

....÷..............###.
#......## ####..........####.#
#......# # #...........# #
#......# # #...........####.#
##......## #
#.........>....................
#.........>..#######.##......##
#.########÷............#####...
#. ###..###+###.###...##.. #.
##...hS@......##.....##. #.
###....###......#.......#. ..
#......###......#..._...S.
#..#.....##......#.......#.
#................##.....##.
..........#.........##...## .
###.................###### .
#.#####..###.###..# # #. #..#
..# .#


You could see an adder and a jackal.

Vanquished Creatures
  3 adders (D:2)
  A giant gecko (D:1)
  2 giant cockroaches
  2 hobgoblins (D:1)
  2 jackals (D:2)
  2 kobolds (D:1)
  3 bats (D:1)
  A giant newt (D:3)
16 creatures vanquished.

Notes
Turn   | Place    | Note
--------------------------------------------------------------
     0 | D:1      | Gorice the Demonspawn Berserker began the quest for the Orb.
     0 | D:1      | Reached XP level 1. HP: 18/18 MP: 1/1
   140 | D:1      | HP: 3/18 [giant gecko (4)]
   143 | D:1      | Reached skill level 3 in Long Blades
   144 | D:1      | Gained mutation: You are surrounded by a mild repulsion field (EV +2). [demonic ancestry]
   144 | D:1      | Reached XP level 2. HP: 5/24 MP: 2/2
   214 | D:1      | HP: 7/24 [hobgoblin/club (1)]
   474 | D:2      | HP: 7/24 [poisoned by an adder]
   479 | D:2      | HP: 6/24 [poisoned by an adder]
   484 | D:2      | HP: 5/24 [poisoned by an adder]
   645 | D:3      | Noticed a centaur
   647 | D:3      | HP: 5/24 [centaur/arrow (4)]
   648 | D:2      | Found a shimmering altar of Xom.
   650 | D:2      | Found a sacrificial altar of Ru.
   659 | D:2      | Gained mutation: Your flesh is heat resistant. [demonic ancestry]
   659 | D:2      | Reached XP level 3. HP: 9/29 MP: 3/3
   674 | D:2      | Found a glowing golden altar of the Shining One.
   748 | D:2      | HP: 8/29 [poisoned by an adder]
   754 | D:2      | HP: 6/29 [poisoned by an adder]
   759 | D:2      | HP: 5/29 [poisoned by an adder]
   766 | D:2      | HP: 1/29 [adder (3)]
   768 | D:2      | Slain by an adder

Vault maps used:
D:1:      lightli_arrival_statuegarden
D:2:      xom_teletrap_fun, okawaru_metal_pillars_1_2, lemuel_crystal_altar,
          overflow_temple_1_default, lemuel_round_altar, first_bread,
          minmay_misc_feat_enclosed
D:3:      grunt_temple_overflow_gold_and_silver, serial_bayou,
          serial_bayou_lagoon_b, serial_bayou_pond_a, serial_bayou_pond_a,
          serial_bayou_pond_a, uniq_grinder, uniq_iyjb

Skill      XL: |  1 |
---------------+----+-----
Long Blades    | 3 |  3.6
Fighting       | |  3.5
Armour         | |  1.7
Dodging        | |  1.7

Action                   || total
-------------------------++-------
Melee: Falchion          ||    59
Throw: Stone             ||     4
Invok: Berserk           ||     4
  Use: Scroll            ||     9
       Potion            ||     1
  Eat: Chunk             ||     4

Table legend:
 A = Turns spent in this place as a percentage of turns spent in the entire game.
 B = Non-inter-level travel turns spent in this place as a percentage of non-inter-level travel turns spent in the entire game.
 C = Inter-level travel turns spent in this place as a percentage of turns spent in this place.
 D = Turns resting spent in this place as a percentage of non-inter-level travel turns spent in this place.
 E = Turns spent auto-exploring this place as a percentage of non-inter-level travel turns spent in this place.
 F = Non-inter-level travel turns spent in this place divided by the number of levels of this place that you've seen.
                   A       B       C       D       E      F
               +-------+-------+-------+-------+-------+----------------------
         Total | 100.0 | 100.0 |   0.0 |   1.9 |   1.2 | 140.7
       Dungeon | 100.0 | 100.0 |   0.0 |   1.9 |   1.2 | 140.7
               +-------+-------+-------+-------+-------+----------------------

Vault maps used:
D:1:      lightli_arrival_statuegarden
D:2:      xom_teletrap_fun, okawaru_metal_pillars_1_2, lemuel_crystal_altar,
          overflow_temple_1_default, lemuel_round_altar, first_bread,
          minmay_misc_feat_enclosed
D:3:      grunt_temple_overflow_gold_and_silver, serial_bayou,
          serial_bayou_lagoon_b, serial_bayou_pond_a, serial_bayou_pond_a,
          serial_bayou_pond_a, uniq_grinder, uniq_iyjb
